[Event "Titled Tuesday Blitz May 30 Early 2023"]
[White "Cupid, Kevin"]
[Black "Yurasova, Daria"]
[WhiteFideId "7700512"]
[BlackFideId "34146919"]
[WhiteElo "2124"]
[BlackElo "2109"]
[Result "0-1"]
[Round "02"]
[TimeControl "180+2"]
[Date "2023.05.30"]
[WhiteClock "0:00:00"]
[BlackClock "0:01:47"]

1. d4 d5 2. c4 c6 3. Nc3 Nf6 4. Nf3 dxc4 5. a4 Bf5 6. e3 e6 7. Bxc4 Nbd7 8. Nh4 Bg6 9. O-O Be7 10. b3 O-O 11. Nxg6 hxg6 12. f4 Nb6 13. Be2 c5 14. a5 Nbd5 15. Nxd5 Nxd5 16. Bf3 cxd4 17. exd4 Bf6 18. Bb2 Ne3 19. Qd3 Nxf1 20. Rxf1 Qd7 21. a6 Rab8 22. axb7 Rfd8 23. Rd1 Qd6 24. g3 Qb6 25. Qc4 Rd7 26. h4 Rbd8 27. Kh2 Rc7 28. Qd3 a5 29. Kh3 a4 30. g4 axb3 31. g5 Be7 32. d5 exd5 33. Bxd5 Rxb7 34. Qe4 Rbd7 35. f5 gxf5 36. Qxf5 Qe3+ 0-1


[Site "https://www.chess.com"]

[Event "Titled Tuesday Blitz May 30 Early 2023"]
[White "Zaichenko, Daria"]
[Black "Janaszak, Dawid"]
[WhiteFideId "4197453"]
[BlackFideId "1119206"]
[WhiteElo "2039"]
[BlackElo "2220"]
[Result "0-1"]
[Round "02"]
[TimeControl "180+2"]
[Date "2023.05.30"]
[WhiteClock "0:00:14"]
[BlackClock "0:01:26"]

1. e4 c5 2. Nf3 Nc6 3. d4 cxd4 4. Nxd4 e5 5. Nb5 d6 6. c4 g6 7. Be3 a6 8. N5c3 Bg7 9. Be2 Nf6 10. O-O O-O 11. Nd2 Nd4 12. Bxd4 exd4 13. Nd5 Re8 14. f3 d3 15. Bxd3 Nxd5 16. cxd5 Bxb2 17. Rb1 Bg7 18. Nc4 b5 19. Nd2 Qa5 20. Qc2 Bd7 21. Nb3 Qa4 22. Qc7 Red8 23. Qxd6 Qxa2 24. Qe7 Bf8 25. Qh4 a5 26. Kh1 a4 27. Nd4 a3 28. Rf2 Qxf2 29. Qxf2 Bc5 30. Ra1 Ra4 31. Bc2 Bxd4 32. Qd2 Bxa1 33. Bxa4 bxa4 34. Qd1 Bb2 35. Qb1 Rc8 0-1


[Site "https://www.chess.com"]

[Event "Titled Tuesday Blitz May 30 Early 2023"]
[White "Toncheva, Nadya"]
[Black "Tsyhanchuk, Stanislav"]
[WhiteFideId "2924056"]
[BlackFideId "13505130"]
[WhiteElo "2101"]
[BlackElo "2173"]
[Result "0-1"]
[Round "02"]
[TimeControl "180+2"]
[Date "2023.05.30"]
[WhiteClock "0:00:16"]
[BlackClock "0:00:10"]

1. e4 c5 2. c3 e6 3. d4 d5 4. exd5 exd5 5. Nf3 Nc6 6. Bb5 Nf6 7. O-O Be7 8. Re1 O-O 9. dxc5 Bxc5 10. Be3 Bxe3 11. Rxe3 Qb6 12. Qb3 d4 13. cxd4 Nxd4 14. Nxd4 Qxd4 15. Nc3 Be6 16. Qa4 Qb6 17. h3 h6 18. Rd1 Rfd8 19. Re2 a6 20. Bd3 Rd4 21. Qc2 Rad8 22. Red2 g6 23. Na4 Qd6 24. Nc5 Rc8 25. b4 b6 26. Bxg6 bxc5 27. Bxf7+ Bxf7 28. Rxd4 cxd4 29. Qxc8+ Kg7 30. Qc5 Qxc5 31. bxc5 Ne4 32. c6 Nc3 33. Rxd4 Ne2+ 34. Kf1 Nxd4 35. c7 Be6 36. Ke1 Nb5 37. Kd2 Nxc7 38. f4 Bd5 39. g4 Bg2 40. h4 Nd5 41. f5 Bh3 42. g5 h5 43. f6+ Nxf6 44. gxf6+ Kxf6 45. Ke3 Kf5 46. Kf3 Bf1 47. a3 Bb5 48. Kg3 a5 49. Kf3 a4 50. Kg3 Bc4 51. Kf3 Bb3 52. Kg3 Bd1 53. Kh3 Kf4 54. Kh2 Kg4 55. Kg2 Kxh4 56. Kg1 Kg4 57. Kh1 Kf4 0-1


[Site "https://www.chess.com"]

[Event "Titled Tuesday Blitz May 30 Early 2023"]
[White "Levitan, Caleb Levi"]
[Black "MariusBieliauskas"]
[WhiteFideId "14332620"]
[WhiteElo "1963"]
[BlackElo "2500"]
[Result "1/2-1/2"]
[Round "02"]
[TimeControl "180+2"]
[Date "2023.05.30"]
[WhiteClock "0:00:02"]
[BlackClock "0:00:08"]

1. e4 g6 2. d4 Bg7 3. Bc4 d6 4. Nf3 Nf6 5. Qe2 O-O 6. O-O Bg4 7. Nbd2 Nc6 8. c3 e5 9. h3 Bc8 10. dxe5 Nxe5 11. Nxe5 dxe5 12. Nf3 Qe7 13. Be3 c6 14. Rad1 h6 15. Qc2 Nh5 16. b4 Re8 17. Bc5 Qf6 18. Rd6 Be6 19. Bxe6 Rxe6 20. Rxe6 Qxe6 21. Rd1 Nf4 22. Be3 Qe7 23. a3 a5 24. Bxf4 exf4 25. Nd2 axb4 26. axb4 Ra3 27. Nb1 Ra1 28. Qb2 Ra8 29. Qc2 f3 30. g3 Qe6 31. Kh2 Ra2 32. Rd8+ Kh7 33. Qd1 Rxf2+ 34. Kg1 Qxh3 35. Kxf2 Qg2+ 36. Ke3 f2 37. Nd2 h5 38. Qf1 Qxg3+ 39. Ke2 Qg4+ 40. Kxf2 Qh4+ 41. Ke2 Qxd8 42. Qxf7 h4 43. Qxb7 h3 44. Nf3 Qf6 45. Qc8 Qxc3 46. Qxh3+ Kg8 47. Qe6+ Kh7 48. Ng5+ Kh6 49. Nf7+ Kh7 50. Ng5+ Kh6 51. Nf7+ Kh7 52. Ng5+ 1/2-1/2


[Site "https://www.chess.com"]

[Event "Titled Tuesday Blitz May 30 Early 2023"]
[White "Rodriguez Santiago, Jaime"]
[Black "Omariev, Maksim"]
[WhiteFideId "3100898"]
[BlackFideId "4193423"]
[WhiteElo "2025"]
[BlackElo "2500"]
[Result "1/2-1/2"]
[Round "02"]
[TimeControl "180+2"]
[Date "2023.05.30"]
[WhiteClock "0:00:11"]
[BlackClock "0:00:04"]

1. d4 h5 2. c4 h4 3. e4 d6 4. h3 e5 5. d5 Be7 6. Nf3 Nf6 7. Nc3 a5 8. Bg5 Nh5 9. Bxe7 Qxe7 10. Qd2 Na6 11. Bd3 Nc5 12. Bc2 Nf4 13. Rg1 Rh6 14. O-O-O Rg6 15. Nxh4 Qxh4 16. g3 Qf6 17. gxf4 Rxg1 18. Rxg1 exf4 19. Ne2 f3 20. Nf4 g6 21. Qe3 Bd7 22. Rg3 O-O-O 23. Rxf3 Qg5 24. Rg3 Qh4 25. Ng2 Qh8 26. h4 Re8 27. f3 Re7 28. a3 Qe8 29. b4 axb4 30. axb4 Na6 31. Qa3 Kb8 32. Nf4 Re5 33. Rg2 Bc8 34. Bd3 b6 35. Ra2 Bb7 36. c5 Nxc5 37. bxc5 dxc5 38. Qa7+ Kc8 39. d6 cxd6 40. Qxb6 Qc6 41. Qxc6+ Bxc6 42. Bc4 g5 43. hxg5 Rxg5 44. Bxf7 Rg1+ 45. Kb2 Rf1 46. Bh5 Rf2+ 47. Ka3 Rf1 48. Bg4+ Kc7 49. Ne6+ Kb6 50. Rb2+ Ka5 51. Kb3 Ba4+ 52. Kc3 Rc1+ 53. Kd2 Rd1+ 54. Ke3 c4 55. Nd4 c3 56. Rb8 c2 57. Ra8+ Kb4 58. Rxa4+ Kxa4 59. Nxc2 Rc1 60. Nd4 Rc3+ 61. Kf4 Rc5 62. Nf5 Rc6 63. Kg5 Rb6 64. Kf6 Kb4 65. Ke6 Kc5 66. Ne3 Kd4 67. Nd5 Ra6 68. Kd7 Ke5 69. Be6 Ra7+ 70. Nc7 Ra1 71. Bg4 Ra3 72. Ne8 Ra7+ 73. Kc6 Ra6+ 74. Kb5 Ra8 75. Nc7 Rb8+ 76. Kc6 Rb1 77. Nd5 Rc1+ 78. Kd7 Rc5 79. f4+ Kxe4 80. f5 Rxd5 81. f6 Rd2 82. f7 Rf2 83. Ke7 Ke5 84. f8=Q Rxf8 85. Kxf8 d5 86. Bd1 d4 87. Bh5 Kf4 88. Bd1 Kg5 89. Ba4 Kf4 90. Ke7 Ke3 91. Kd6 Kd2 92. Kc5 d3 93. Kd4 Ke2 94. Bb5 Ke1 95. Bxd3 1/2-1/2


[Site "https://www.chess.com"]

[Event "Titled Tuesday Blitz May 30 Early 2023"]
[White "Sukandar, Irine Kharisma"]
[Black "Wang, Ricky"]
[WhiteFideId "7101937"]
[BlackFideId "2071916"]
[WhiteElo "2315"]
[BlackElo "2275"]
[Result "0-1"]
[Round "02"]
[TimeControl "180+2"]
[Date "2023.05.30"]
[WhiteClock "0:00:09"]
[BlackClock "0:00:22"]

1. d4 Nf6 2. Nc3 d5 3. Bf4 e6 4. e3 Be7 5. h3 O-O 6. Nf3 c5 7. Be2 Nc6 8. O-O a6 9. a3 b5 10. dxc5 Bxc5 11. b4 Bd6 12. Bd3 e5 13. Bg3 Bb7 14. e4 dxe4 15. Nxe4 Be7 16. Nxf6+ Bxf6 17. Be4 Qe7 18. Re1 Rad8 19. Qe2 Nd4 20. Nxd4 Bxe4 21. Qxe4 Rxd4 22. Qe3 e4 23. Rad1 Rfd8 24. Rxd4 Rxd4 25. Bh4 Rc4 26. Bxf6 Qxf6 27. Rd1 g6 28. g3 Rxc2 29. Rd4 Rc1+ 30. Kg2 Qf3+ 31. Qxf3 exf3+ 32. Kxf3 Rc3+ 33. Ke4 Rxa3 34. Kd5 a5 35. Kc5 axb4 36. Rxb4 Ra2 37. Rf4 Rb2 38. Kd6 Re2 39. Kc5 Re5+ 40. Kd4 Rf5 41. Rxf5 gxf5 42. Kc5 f4 43. Kxb5 fxg3 44. Kc5 gxf2 45. Kb5 f1=Q+ 0-1


[Site "https://www.chess.com"]

[Event "Titled Tuesday Blitz May 30 Early 2023"]
[White "Olenik Campa, Rudi"]
[Black "Nissinen, Niilo Man"]
[WhiteFideId "14633264"]
[BlackFideId "30950767"]
[WhiteElo "2249"]
[BlackElo "1952"]
[Result "1-0"]
[Round "02"]
[TimeControl "180+2"]
[Date "2023.05.30"]
[WhiteClock "0:02:35"]
[BlackClock "0:01:32"]

1. e4 e5 2. Nf3 Nc6 3. Bb5 Nf6 4. d3 d6 5. O-O Be7 6. c3 O-O 7. Nbd2 a6 8. Ba4 Re8 9. Re1 Bf8 10. Bc2 d5 11. Qe2 d4 12. Nf1 Bh3 13. gxh3 Qd7 14. Kg2 Nh5 15. Ng3 Nf4+ 16. Bxf4 exf4 17. Nf5 dxc3 18. bxc3 g6 19. N5d4 Ne5 20. Nxe5 Rxe5 21. Nf3 Rh5 22. h4 Be7 23. Kh1 Bxh4 24. Nxh4 Rxh4 25. Qf3 Re8 26. e5 Rh3 27. Qxf4 f5 28. exf6 Qc6+ 29. Kg1 Rxe1+ 30. Rxe1 Qxc3 31. f7+ 1-0


[Site "https://www.chess.com"]

[Event "Titled Tuesday Blitz May 30 Early 2023"]
[White "Benaddi, Mouhcine"]
[Black "The_Sherman_Variation"]
[WhiteFideId "9001050"]
[WhiteElo "2036"]
[BlackElo "2496"]
[Result "0-1"]
[Round "02"]
[TimeControl "180+2"]
[Date "2023.05.30"]
[WhiteClock "0:00:44"]
[BlackClock "0:01:13"]

1. Nf3 b5 2. g3 Bb7 3. Bg2 g5 4. h3 h5 5. d3 Bh6 6. Nc3 g4 7. hxg4 hxg4 8. Nh4 Bxg2 9. Nxg2 b4 10. Bxh6 bxc3 11. Qc1 cxb2 12. Qxb2 f6 13. Qd4 d5 14. Qxg4 Nxh6 15. Qg6+ Kd7 16. Rxh6 Nc6 17. Qf5+ e6 18. Rh7+ Kd6 19. Qf4+ e5 20. Rxh8 Qxh8 21. Qh4 Qg7 22. Rb1 Rh8 0-1


[Site "https://www.chess.com"]

[Event "Titled Tuesday Blitz May 30 Early 2023"]
[White "Dylag, Emilia"]
[Black "Lorenzo De La Riva, Lazaro"]
[WhiteFideId "21805172"]
[BlackFideId "2268809"]
[WhiteElo "1878"]
[BlackElo "2294"]
[Result "1-0"]
[Round "02"]
[TimeControl "180+2"]
[Date "2023.05.30"]
[WhiteClock "0:00:12"]
[BlackClock "0:00:18"]

1. d4 Nf6 2. c4 a6 3. g3 c5 4. d5 b5 5. Qc2 bxc4 6. e4 d6 7. Bxc4 g6 8. Nc3 Bg7 9. h3 O-O 10. f4 Nbd7 11. Nf3 Nb6 12. Be2 Bb7 13. O-O e6 14. dxe6 fxe6 15. Ng5 Re8 16. a4 h6 17. Nf3 Nh5 18. Kh2 Qe7 19. g4 Nf6 20. e5 Nfd7 21. Qxg6 dxe5 22. fxe5 Bxf3 23. Bxf3 Nxe5 24. Qe4 Nxf3+ 25. Rxf3 Nd5 26. Nxd5 exd5 27. Qxd5+ Kh8 28. Be3 Rad8 29. Qh5 Qd6+ 30. Kg2 Qc6 31. Re1 Rf8 32. Rf1 Rd1 33. Kg1 Rxf1+ 34. Rxf1 Rxf1+ 35. Kxf1 Qf3+ 36. Bf2 Bd4 37. Qxh6+ Kg8 38. Qg6+ Kh8 39. Qe8+ Kh7 40. Qd7+ Kg8 41. Qe6+ Kh8 42. Qe8+ Kg7 43. Qe7+ Kh8 44. Qd8+ Kg7 45. Qg5+ Kh8 46. Qh6+ Kg8 47. Qg6+ Kh8 48. Qh5+ Kg7 49. Qg5+ Kf7 50. Qf5+ Qxf5 51. gxf5 Bxb2 52. Bxc5 Bc3 53. Bb6 a5 54. Bd8 Ke8 55. Bg5 Kf7 56. h4 Bb4 57. Kf2 Bc5+ 58. Kf3 Bb4 59. Ke4 Kg7 60. h5 Kf7 61. h6 Bf8 62. Kd5 Kg8 63. Kc6 Kh7 64. Kb5 Bb4 65. Bf4 Bc3 66. Bc7 Kxh6 67. Bxa5 Be5 68. Bd8 Kg7 69. f6+ Kf7 70. a5 Bb8 71. a6 Ba7 72. Kc6 Bf2 73. Kb7 Ke8 74. Be7 Bd4 75. a7 Bxa7 76. Kxa7 Kf7 77. Kb6 Ke8 78. Kc6 Kf7 79. Kd6 Ke8 80. Ke5 Kf7 81. Kf5 Ke8 82. Kg6 Kd7 83. f7 Kxe7 84. Kg7 Ke6 85. f8=Q 1-0


[Site "https://www.chess.com"]

[Event "Titled Tuesday Blitz May 30 Early 2023"]
[White "Senft, Sean"]
[Black "Pg, Mohd Omar Ak Hira"]
[WhiteFideId "2044960"]
[BlackFideId "10500103"]
[WhiteElo "1989"]
[BlackElo "2167"]
[Result "1-0"]
[Round "02"]
[TimeControl "180+2"]
[Date "2023.05.30"]
[WhiteClock "0:00:36"]
[BlackClock "0:00:25"]

1. d4 d5 2. c4 e6 3. Nc3 Nf6 4. Bg5 Be7 5. e3 O-O 6. Nf3 dxc4 7. Bxc4 Nbd7 8. O-O Nb6 9. Bd3 Bd7 10. Rc1 Bc6 11. Ne5 h6 12. Nxc6 bxc6 13. Bxf6 Bxf6 14. Qf3 Nd5 15. Ne4 Be7 16. a3 Rb8 17. Rc2 Rb6 18. Rfc1 Qb8 19. b4 a5 20. bxa5 Rb3 21. Bf1 Rxa3 22. a6 Nb4 23. Rb2 Qa8 24. Nc5 Bxc5 25. Rxc5 Nxa6 26. Rxc6 Ra1 27. Qe2 Qxc6 28. Rc2 Qa4 29. g3 Nb4 30. Rd2 Nd5 31. Kg2 Nc3 32. Qd3 Nd5 33. Qe4 Qa8 34. f3 Qa5 35. Rf2 Qc3 36. Bd3 Rd1 37. Qh7# 1-0


[Site "https://www.chess.com"]

[Event "Titled Tuesday Blitz May 30 Early 2023"]
[White "Bashirli, Saadat"]
[Black "Karas, Marek"]
[WhiteFideId "13429990"]
[BlackFideId "14928558"]
[WhiteElo "1408"]
[BlackElo "2233"]
[Result "1/2-1/2"]
[Round "02"]
[TimeControl "180+2"]
[Date "2023.05.30"]
[WhiteClock "0:00:08"]
[BlackClock "0:00:06"]

1. e4 g6 2. d4 Bg7 3. Nc3 d6 4. Be2 a6 5. h4 h5 6. Nf3 Bg4 7. Be3 Nc6 8. Qd2 e5 9. dxe5 Bxf3 10. Bxf3 Nxe5 11. Be2 Nf6 12. Bd4 O-O 13. O-O-O Qe7 14. f4 Neg4 15. Bf3 b5 16. Nd5 Nxd5 17. Bxg7 Kxg7 18. Qxd5 Nf6 19. Qd4 Kg8 20. Rhg1 Rad8 21. Rde1 c5 22. Qd2 Qe6 23. Kb1 Rfe8 24. f5 Qe5 25. fxg6 fxg6 26. Qh6 Kf7 27. Ref1 Rh8 28. Qd2 Kg7 29. Re1 Rhf8 30. g4 Nxg4 31. Bxg4 hxg4 32. Rxg4 d5 33. exd5 Rxd5 34. Qa5 Rfd8 35. Rc1 Rd1 36. Rg1 Rxg1 37. Rxg1 Qh2 38. Rc1 Qd6 39. a3 Rf8 40. Rg1 Kh7 41. Qc3 Rf4 42. h5 Qd4 43. hxg6+ Kg7 44. Qg3 Qf6 45. Qg2 Rf3 46. Qg4 Qf5 47. Qxf5 Rxf5 48. Kc1 Rf2 49. Kd1 Rh2 50. Kc1 Rf2 51. Re1 Kxg6 52. Re6+ Rf6 53. Re5 Rf5 54. Re6+ Rf6 55. Rxf6+ Kxf6 56. Kd2 Ke5 57. Ke3 a5 58. b3 Kd5 59. c3 Ke5 60. c4 bxc4 61. bxc4 a4 62. Kd3 Kf4 63. Kd2 Ke4 64. Kc3 Ke3 65. Kc2 Kd4 66. Kb2 Kxc4 67. Kc2 Kd4 68. Kd2 c4 69. Kc2 Kd5 70. Kc3 Kc5 71. Kc2 Kc6 72. Kd2 Kd6 73. Kc2 Kd5 74. Kd2 Kd4 75. Kc2 c3 76. Kc1 Kd3 77. Kd1 Kd4 78. Kc1 Kc5 79. Kd1 Kc4 80. Kc2 Kd4 81. Kc1 1/2-1/2


[Site "https://www.chess.com"]

[Event "Titled Tuesday Blitz May 30 Early 2023"]
[White "Mika, Tomasz"]
[Black "mohsengabr2002"]
[WhiteFideId "1132970"]
[WhiteElo "2179"]
[BlackElo "2244"]
[Result "1-0"]
[Round "02"]
[TimeControl "180+2"]
[Date "2023.05.30"]
[WhiteClock "0:00:03"]
[BlackClock "0:00:00"]

1. d4 e6 2. Nf3 d5 3. Bf4 c5 4. e3 Qb6 5. b3 Nc6 6. Be2 Nf6 7. O-O Be7 8. h3 Bd7 9. Re1 O-O 10. c3 a5 11. a4 Ne4 12. Bd3 f5 13. Ne5 Nxe5 14. Bxe5 Rac8 15. f3 Nd6 16. Na3 Nf7 17. Bh2 Bg5 18. Bb5 Bc6 19. Bxc6 bxc6 20. Rb1 Rfe8 21. Nc2 cxd4 22. cxd4 e5 23. dxe5 Bh4 24. g3 Be7 25. f4 Red8 26. Kg2 c5 27. Bg1 Qc6 28. Kh2 Rb8 29. Re2 Rd7 30. Rd2 Rbd8 31. Na3 Rb8 32. Nb5 Nd8 33. Qf3 Ne6 34. Rbd1 Rbd8 35. Bf2 c4 36. Rc2 Bb4 37. bxc4 Qc8 38. Qe2 dxc4 39. Rxd7 Rxd7 40. Rxc4 Qb7 41. Nd4 Qd5 42. Nxf5 g6 43. Nd4 Nc5 44. e6 Nxe6 45. Nxe6 Qxe6 46. Rc2 Qe4 47. Rc8+ Kg7 48. Rc2 Rd3 49. h4 h5 50. Rc7+ Kh6 51. Rc2 Bc3 52. g4 hxg4 53. Qxg4 Bf6 54. Qe2 Bc3 55. Qg4 Bf6 56. Rc1 Rd2 57. Qg3 1-0


[Site "https://www.chess.com"]

[Event "Titled Tuesday Blitz May 30 Early 2023"]
[White "Afanasieva, Alexandra"]
[Black "Liu, Casper"]
[WhiteFideId "34126926"]
[BlackFideId "1454153"]
[WhiteElo "1745"]
[BlackElo "2221"]
[Result "0-1"]
[Round "02"]
[TimeControl "180+2"]
[Date "2023.05.30"]
[WhiteClock "0:00:00"]
[BlackClock "0:01:53"]

1. e4 d6 2. d4 g6 3. Nc3 Bg7 4. Nf3 Bg4 5. Be2 Nc6 6. Be3 e5 7. d5 Nce7 8. Qd2 f5 9. Ng5 Bxe2 10. Qxe2 Qd7 11. Ne6 Bh6 12. Qb5 c6 13. Qb3 f4 14. Bd2 Nf6 15. O-O-O a5 16. a4 Kf7 17. g3 b5 18. gxf4 bxa4 19. Qxa4 cxd5 20. Qxd7 Nxd7 21. exd5 a4 22. Kb1 a3 23. b3 a2+ 24. Nxa2 Nxd5 25. Ng5+ Bxg5 26. fxg5 Ra6 27. Nb4 Nxb4 28. Bxb4 Rha8 29. Kb2 Ra2+ 30. Kb1 d5 31. Bc3 d4 32. Bb2 Nb6 33. Rhe1 Nd5 34. Rxe5 Nc3+ 35. Bxc3 dxc3 36. Rd7+ Kf8 0-1


[Site "https://www.chess.com"]

[Event "Titled Tuesday Blitz May 30 Early 2023"]
[White "Tanmay Jain"]
[Black "Sailer, Mike"]
[WhiteFideId "45015481"]
[BlackFideId "2012901"]
[WhiteElo "2032"]
[BlackElo "2109"]
[Result "1-0"]
[Round "02"]
[TimeControl "180+2"]
[Date "2023.05.30"]
[WhiteClock "0:00:23"]
[BlackClock "0:00:00"]

1. e4 d5 2. exd5 Qxd5 3. Nf3 Bg4 4. Nc3 Qd6 5. h3 Bh5 6. d4 c6 7. g4 Bg6 8. Be3 e6 9. Qd2 Nf6 10. O-O-O Be7 11. Bf4 Qb4 12. Ne5 Nd5 13. Nxd5 Qxd2+ 14. Rxd2 exd5 15. h4 Nd7 16. Nxg6 hxg6 17. Bg3 O-O-O 18. Bd3 Nf6 19. f3 Bd6 20. Be5 Bxe5 21. dxe5 Nd7 22. f4 Nc5 23. Re2 Nxd3+ 24. cxd3 Kd7 25. Kd2 Rh7 26. f5 gxf5 27. gxf5 Rdh8 28. Rg2 Ke7 29. Rg4 Kf8 30. Kc3 Rh5 31. Rf4 R8h6 32. d4 Ke7 33. Rg1 g6 34. fxg6 fxg6 35. Rfg4 Kf7 36. Rf4+ Kg7 37. e6 Rxh4 38. e7 Rh3+ 39. Kb4 Re3 40. Kc5 Rxe7 41. Kd6 Re4 42. Rxe4 dxe4 43. Kc7 Rh2 44. Kxb7 Rxb2+ 45. Kxc6 Rxa2 46. Rg4 e3 47. d5 e2 48. Re4 Kf6 49. d6 Rd2 50. d7 g5 51. Rxe2 Rxd7 52. Kxd7 Kf5 53. Kd6 Kf4 54. Kd5 Kf3 55. Re8 g4 56. Rf8+ Ke3 57. Re8+ Kf3 58. Kd4 a5 59. Kd3 g3 60. Rf8+ Kg2 61. Ke2 a4 62. Ra8 Kh2 63. Kf3 g2 64. Rh8+ Kg1 65. Rg8 Kf1 66. Rxg2 1-0


[Site "https://www.chess.com"]

[Event "Titled Tuesday Blitz May 30 Early 2023"]
[White "Cesar Maestre, Bernardo"]
[Black "Kokoszczynski, Jan"]
[WhiteFideId "24542547"]
[BlackFideId "1174460"]
[WhiteElo "2271"]
[BlackElo "2139"]
[Result "1-0"]
[Round "02"]
[TimeControl "180+2"]
[Date "2023.05.30"]
[WhiteClock "0:00:06"]
[BlackClock "0:00:06"]

1. d4 d5 2. c4 e6 3. Nf3 Nf6 4. g3 Be7 5. Bg2 O-O 6. O-O dxc4 7. Qc2 Na6 8. Qxc4 c6 9. Nc3 Nd5 10. e4 Nxc3 11. bxc3 Nc7 12. a4 b6 13. Qxc6 Ba6 14. a5 Bb5 15. Qb7 Ba6 16. Qc6 Bb5 17. Qb7 Bxf1 18. Bxf1 Qc8 19. Qc6 Ne8 20. Qxc8 Rxc8 21. c4 Nd6 22. axb6 axb6 23. Ra7 Rfe8 24. Ba3 Bf8 25. Bxd6 Bxd6 26. e5 Bf8 27. d5 exd5 28. cxd5 Bc5 29. Bb5 Red8 30. d6 Ra8 31. Rc7 Ra2 32. d7 Bxf2+ 33. Kh1 Bc5 34. Rc8 Be7 35. Nd4 Kf8 36. Nc6 Ra8 37. Nxd8 Ra1+ 38. Kg2 1-0


[Site "https://www.chess.com"]

[Event "Titled Tuesday Blitz May 30 Early 2023"]
[White "Gulkov, Igor A."]
[Black "Coelho, Ramyres Santana"]
[WhiteFideId "4120973"]
[BlackFideId "2120690"]
[WhiteElo "2343"]
[BlackElo "1888"]
[Result "0-1"]
[Round "02"]
[TimeControl "180+2"]
[Date "2023.05.30"]
[WhiteClock "0:00:39"]
[BlackClock "0:00:51"]

1. Nf3 Nf6 2. c4 g6 3. Nc3 Bg7 4. e4 d6 5. d4 O-O 6. Be2 e5 7. Be3 exd4 8. Nxd4 Nc6 9. Qd2 Nxd4 10. Bxd4 Re8 11. f3 Nd7 12. O-O Bxd4+ 13. Qxd4 Qf6 14. Qxf6 Nxf6 15. Nb5 Re7 16. Rac1 a6 17. Nd4 c6 18. Rfd1 d5 19. exd5 cxd5 20. c5 Bd7 21. Kf2 Bc6 22. Rd2 Nd7 23. b4 Ne5 24. f4 Nd7 25. Bf3 Nf6 26. g3 Rae8 27. Rcc2 Ne4+ 28. Bxe4 Rxe4 29. Rc3 f5 30. a3 Kf7 31. Nf3 Kf6 32. Ne5 R8xe5 33. fxe5+ Kxe5 34. Rc1 d4 35. Re1 g5 36. Ra2 Bd5 37. Rb2 Bc4 38. Rc1 d3 39. Re1 Kd4 40. Rd2 Kc3 41. Rxe4 fxe4 42. Ke3 Bd5 43. h4 h6 44. hxg5 hxg5 45. Rh2 Kb3 46. Rh5 Kxa3 47. Rxg5 Bc6 48. g4 Kxb4 49. Re5 Kc3 50. Rh5 d2 51. Rh1 Ba4 52. g5 d1=Q 53. Rxd1 Bxd1 54. g6 Bb3 0-1


[Site "https://www.chess.com"]

[Event "Titled Tuesday Blitz May 30 Early 2023"]
[White "FunnyDuck66"]
[Black "Pham, Le Thao Nguyen"]
[BlackFideId "12401226"]
[WhiteElo "2213"]
[BlackElo "2286"]
[Result "1-0"]
[Round "02"]
[TimeControl "180+2"]
[Date "2023.05.30"]
[WhiteClock "0:00:17"]
[BlackClock "0:00:00"]

1. d4 d5 2. c4 c6 3. cxd5 cxd5 4. Bf4 Nc6 5. e3 Nf6 6. Bd3 Qb6 7. Qe2 Bg4 8. f3 Bh5 9. Nc3 a6 10. Qd2 e6 11. Nge2 Be7 12. O-O O-O 13. Rac1 Rac8 14. Na4 Qb4 15. Qxb4 Nxb4 16. Bb1 Bg6 17. Bxg6 hxg6 18. Nb6 Rxc1 19. Rxc1 Bd8 20. Bd6 Nxa2 21. Ra1 Bxb6 22. Bxf8 Kxf8 23. Rxa2 Ke7 24. Ra1 Kd7 25. Rc1 Ne8 26. Nc3 Nd6 27. Na4 Ba7 28. b3 f5 29. Kf2 f4 30. g4 Nb5 31. Nc5+ Bxc5 32. Rxc5 fxe3+ 33. Kxe3 Nc7 34. h4 Kd6 35. Rc1 a5 36. h5 gxh5 37. gxh5 b6 38. Rg1 Ne8 39. Kf4 b5 40. Ra1 Nf6 41. Kg5 a4 42. bxa4 bxa4 43. Rxa4 1-0


[Site "https://www.chess.com"]

[Event "Titled Tuesday Blitz May 30 Early 2023"]
[White "Sowul, Bartosz"]
[Black "Borodavkin, Anatoly"]
[WhiteFideId "1137590"]
[BlackFideId "14150662"]
[WhiteElo "2188"]
[BlackElo "1991"]
[Result "1-0"]
[Round "02"]
[TimeControl "180+2"]
[Date "2023.05.30"]
[WhiteClock "0:00:28"]
[BlackClock "0:00:00"]

1. e4 e5 2. Nf3 Nf6 3. Nc3 Bb4 4. Bc4 O-O 5. O-O d6 6. d3 h6 7. h3 Be6 8. Bb3 a5 9. Ne2 Bc5 10. c3 b5 11. Ng3 Nc6 12. Bxe6 fxe6 13. Qb3 Qd7 14. Qxb5 Rfb8 15. Qa4 Nd4 16. Qd1 Nxf3+ 17. Qxf3 Rf8 18. Qe2 Rab8 19. b3 d5 20. Be3 d4 21. Bd2 dxc3 22. Bxc3 Bd4 23. Rac1 Rfd8 24. Bxa5 Rb7 25. Rc2 Ra8 26. Bd2 c5 27. Kh2 Ra3 28. f4 exf4 29. Bxf4 Rba7 30. Nh5 Nxh5 31. Qxh5 Rxa2 32. Rxa2 Rxa2 33. Qg4 Kh7 34. h4 Qe7 35. Bg3 Rb2 36. h5 Qg5 37. Qxg5 hxg5 38. Kh3 Rxb3 39. Rf3 e5 40. Kg4 Rb2 41. Kxg5 Rxg2 42. Kf5 Kh6 43. Kg4 1-0


[Site "https://www.chess.com"]

[Event "Titled Tuesday Blitz May 30 Early 2023"]
[White "Santos Flores, Alberto"]
[Black "Samaganova, Aleksandra"]
[WhiteFideId "3601234"]
[BlackFideId "13800221"]
[WhiteElo "2235"]
[BlackElo "1858"]
[Result "1-0"]
[Round "02"]
[TimeControl "180+2"]
[Date "2023.05.30"]
[WhiteClock "0:00:07"]
[BlackClock "0:00:00"]

1. e4 c5 2. Nf3 e6 3. g3 Nc6 4. Bg2 g6 5. d4 cxd4 6. Nxd4 a6 7. Nc3 Bg7 8. Be3 Nge7 9. O-O O-O 10. Nb3 b5 11. f4 Bb7 12. e5 Qc7 13. Nc5 Rfd8 14. Nxb7 Qxb7 15. Ne4 Nd5 16. Bf2 Bf8 17. Nd6 Bxd6 18. exd6 Nf6 19. Bd4 Ne8 20. b3 Nxd6 21. Bf6 Nf5 22. Bxd8 Rxd8 23. Qd2 d5 24. Kh1 h5 25. a4 b4 26. c3 a5 27. cxb4 Nxb4 28. Rac1 Qa6 29. Rc5 Qb6 30. Rfc1 Nh6 31. Bf3 Nf5 32. Rc8 Kh7 33. Rxd8 Qxd8 34. Qc3 Qb6 35. Qc7 Qxc7 36. Rxc7 Kg7 37. Rc5 Nd4 38. Bd1 Nd3 39. Rxa5 Nf2+ 40. Kg2 Nxd1 41. b4 Ne3+ 42. Kf2 Nc4 43. Ra8 Kf6 44. a5 Nb5 45. Rb8 Ncd6 46. a6 d4 47. Rb7 Kf5 48. a7 Nxa7 49. Rxa7 Ke4 50. Ke2 d3+ 51. Kd1 Ke3 52. Rd7 Nc4 53. b5 d2 54. Rxd2 1-0


[Site "https://www.chess.com"]

[Event "Titled Tuesday Blitz May 30 Early 2023"]
[White "Larina, Maria"]
[Black "Kuznetsov, Mikhail"]
[WhiteFideId "24113182"]
[BlackFideId "4117190"]
[WhiteElo "1848"]
[BlackElo "1981"]
[Result "1-0"]
[Round "02"]
[TimeControl "180+2"]
[Date "2023.05.30"]
[WhiteClock "0:00:07"]
[BlackClock "0:00:00"]

1. e4 c6 2. d4 d5 3. f3 e5 4. dxe5 Bc5 5. Ne2 Qb6 6. Nec3 Bf2+ 7. Ke2 Bg1 8. Qe1 Be6 9. exd5 cxd5 10. Na3 Nc6 11. Bf4 Nd4+ 12. Kd1 Qxb2 13. Bb5+ Nxb5 14. Ncxb5 Qxa1+ 15. Ke2 Qxe1+ 16. Kxe1 Bb6 17. Nd6+ Kf8 18. Nab5 a6 19. Nc3 Ba5 20. Bd2 d4 21. Nce4 Bxd2+ 22. Kxd2 Ne7 23. Nxb7 Bd5 24. Ned6 Bxb7 25. Nxb7 Rb8 26. Nc5 Rc8 27. Nxa6 Nd5 28. Rb1 Ke7 29. Rb7+ Ke6 30. a4 Rc6 31. Nb4 Nxb4 32. Rxb4 1-0


[Site "https://www.chess.com"]

[Event "Titled Tuesday Blitz May 30 Early 2023"]
[White "Floresvillar Gonzalez, Luis Migu"]
[Black "Balla, Tamas-Kristof"]
[WhiteFideId "5100542"]
[BlackFideId "1208497"]
[WhiteElo "2040"]
[BlackElo "2334"]
[Result "1/2-1/2"]
[Round "02"]
[TimeControl "180+2"]
[Date "2023.05.30"]
[WhiteClock "0:00:09"]
[BlackClock "0:00:11"]

1. e4 c5 2. d4 cxd4 3. c3 Nf6 4. e5 Nd5 5. Nf3 Nc6 6. cxd4 d6 7. exd6 e6 8. Nc3 Nxc3 9. bxc3 Bxd6 10. Bd3 h6 11. O-O O-O 12. Bc2 Ne7 13. Qd3 f5 14. Re1 Ng6 15. Bb3 Re8 16. Qxf5 Nf8 17. Qg4 Kh8 18. Ne5 Bxe5 19. Rxe5 Bd7 20. Ba3 Qf6 21. Bxf8 Rxf8 22. f3 Rac8 23. c4 Qe7 24. c5 b6 25. cxb6 axb6 26. Rae1 Qb4 27. Bxe6 Bxe6 28. Rxe6 Rcd8 29. R6e4 Qa5 30. R1e2 b5 31. h3 b4 32. Re7 Rg8 33. R2e6 Qd5 34. Qf4 Qxd4+ 35. Qxd4 Rxd4 36. Re4 Rd2 37. Rxb4 Rxa2 38. Rbb7 Ra5 39. Kh2 Rg5 40. h4 Rg6 41. Kh3 Rf8 42. Rf7 Rd8 43. Rfc7 Rf8 44. Rc2 Kh7 45. Rf2 Rgf6 46. h5 Rf5 47. Kh4 Rf4+ 48. Kh3 R8f5 49. g4 Rxf3+ 50. Rxf3 Rxf3+ 51. Kh4 Rf1 52. Kh3 Rh1+ 53. Kg3 Rc1 54. Kh4 Rc5 55. Kh3 Kg8 56. Kh4 Rd5 57. Kh3 Rd8 58. Kh4 Rf8 59. Kh3 Rf3+ 60. Kh4 Rf7 61. Rxf7 Kxf7 62. g5 hxg5+ 63. Kxg5 Kg8 64. h6 gxh6+ 65. Kxh6 1/2-1/2


[Site "https://www.chess.com"]